 Dungeon Crawl Stone Soup version 0.17-a0-427-ga655056 (webtiles) character file.

153477 RobertPalmer the Stickfighter (level 16, 82/99 HPs)
             Began as a Deep Elf Summoner on Apr 1, 2015.
             Was a High Priest of Okawaru.
             Quit the game on level 4 of the Spider Nest on Apr 3, 2015.
             The game lasted 02:52:45 (49319 turns).

RobertPalmer the Stickfighter (Deep Elf Summoner)  Turns: 49319, Time: 02:52:45

Health: 82/99      AC: 16    Str:  7    XL:     16   Next: 76%
Magic:  40/40      EV: 27    Int: 25    God:    Okawaru [*****.]
Gold:   1461       SH:  0    Dex: 21    Spells: 9 memorised, 14 levels left

rFire  + . .     SeeInvis +     a - +2 lajatang "Orb Guardian's Doom" {freeze, +Blink +Fly Dex+3 SInv}
rCold  . . .     Clarity  +     V - +0 leather armour of Saaqu {rPois rN+ Slay+3 Stlth+}
rNeg   + . .     SustAb   .     (no shield)
rPois  +         Gourm    .     t - +2 hat {MR+}
rElec  .         Spirit   .     w - +2 cloak of the Villain {MP+9 SInv}
rCorr  .         Warding  .     z - +0 pair of gloves {rF+}
rMut   .         Stasis   .     f - +2 pair of boots
MR     ++...                    U - amulet of clarity {Clar, !d}
Stlth  +++.......               P - +3 ring of protection
                                A - +3 ring of evasion

@: repel missiles, very resistant to hostile enchantments, fairly stealthy
A: clever 1
a: Heroism, Finesse, Renounce Religion, Evoke Blink, Evoke Flight
}: 1/15 runes: decaying


You were on level 4 of the Spider Nest.
You worshipped Okawaru.
Okawaru was extremely pleased with you.
You were not hungry.

You visited 6 branches of the dungeon, and saw 37 of its levels.
You also visited: Labyrinth, Sewer, Ice Cave and Volcano.

You collected 3246 gold pieces.
You spent 1785 gold pieces at shops.

Inventory:

Hand weapons
 a - the +2 lajatang "Orb Guardian's Doom" (weapon) {freeze, +Blink +Fly Dex+3 SInv}
   (Okawaru gifted it to you in a labyrinth)

   It has been specially enchanted to freeze those struck by it, causing extra
   injury to most foes and up to half again as much damage against particularly
   susceptible opponents.
   It can also slow down cold-blooded creatures.
   It affects your dexterity (+3).
   It enhances your eyesight.
   It lets you fly.
   It lets you blink.
 b - a +1 blowgun
   (You took it off a kobold in a sewer)
Missiles
 d - 2 throwing nets {=f, !d}
 B - 7 curare-tipped needles
Armour
 f - a +2 pair of boots (worn)
   (You found it on level 5 of the Lair of Beasts)
 t - a +2 hat of magic resistance (worn)
   (Okawaru gifted it to you on level 8 of the Lair of Beasts)
 w - the +2 cloak of the Villain (worn) {MP+9 SInv}
   (Okawaru gifted it to you on level 1 of the Spider Nest)

   It affects your magic capacity (+9).
   It enhances your eyesight.
 z - a +0 pair of gloves of fire resistance (worn)
   (You found it in a volcano)
 V - the +0 leather armour of Saaqu (worn) {rPois rN+ Slay+3 Stlth+}
   (You bought it in a shop on level 4 of the Orcish Mines)

   It affects your accuracy and damage with ranged weapons and melee attacks
   (+3).
   It protects you from poison.
   It protects you from negative energy.
   It makes you more stealthy.
Magical staves
 Z - an uncursed staff of power {MP+17, !a}
   (You took it off a centaur warrior on level 13 of the Dungeon)
Jewellery
 g - an uncursed ring of see invisible {sInv, !d}
   (You found it on level 5 of the Dungeon)
 n - an uncursed amulet of faith {Faith, !P}
   (You found it on level 4 of the Dungeon)
 A - a +3 ring of evasion (left hand)
   (You found it on level 11 of the Dungeon)
 N - an uncursed ring of sustain abilities {SustAb}
   (You found it on level 8 of the Lair of Beasts)
 P - a +3 ring of protection (right hand)
   (You bought it in a shop on level 4 of the Orcish Mines)
 U - an amulet of clarity (around neck) {Clar, !d}
   (You found it on level 3 of the Swamp)
 W - an uncursed ring of protection from cold {rC+, !d}
   (You found it on level 13 of the Dungeon)
Magical devices
 v - a wand of hasting (4)
   (You found it on level 3 of the Swamp)
 H - a wand of teleportation (4)
   (You took it off Fannar on level 1 of the Orcish Mines)
 L - a wand of digging (15)
   (You found it on level 7 of the Dungeon)
 O - a wand of digging (16)
   (You found it on level 4 of the Swamp)
 Q - a wand of heal wounds (4)
   (You found it on level 10 of the Dungeon)
Scrolls
 h - 16 scrolls of remove curse
 l - 2 scrolls of magic mapping {!r}
 F - 4 scrolls of fog
 G - 7 scrolls of enchant weapon
 M - 5 scrolls of teleportation
 R - a scroll of amnesia
 Y - 3 scrolls of blinking {!r}
Potions
 i - 2 potions of berserk rage {!q}
 j - 3 potions of restore abilities
 m - 11 potions of curing
 r - 4 potions of flight
 s - 5 potions of agility
 C - a potion of cancellation
 E - 2 potions of magic
 I - 3 potions of haste
 K - 7 potions of might
 T - 2 potions of cure mutation {!q}
 X - 3 potions of brilliance
Books
 o - the Compendium of Stolen Souls and the Entourage
   (You found it on level 12 of the Dungeon)

   Spells                             Type                      Level
   a - Animate Skeleton               Necromancy                   1
   b - Pain                           Necromancy                   1
   c - Call Imp                       Summoning                    2
   d - Abjuration                     Summoning                    3
   e - Dispel Undead                  Necromancy                   5
   f - Death Channel                  Necromancy                   6
 x - a book of the Warp
   (You found it in a labyrinth)
 S - a book of Annihilations {highlevel}
   (You found it on level 10 of the Dungeon)
Comestibles
 c - 19 bread rations {@e1}
 k - 13 meat rations {@e2}
 p - 23 fruits
 q - a slice of pizza
 u - a royal jelly


   Skills:
 - Level 10.7 Fighting
 - Level 15.0 Staves
 - Level 4.8 Armour
 - Level 14.4 Dodging
 - Level 2.4 Stealth
   Level 2.3 Shields
 - Level 13.2 Spellcasting
 - Level 7.7 Charms
 - Level 10.8 Summonings
 + Level 12.3 Necromancy
 - Level 8.2 Invocations


You had 14 spell levels left.
You knew the following spells:

 Your Spells              Type           Power        Failure   Level  Hunger
a - Call Canine Familiar  Summ           ######..     1%          3    None
b - Summon Lightning Spi  Summ/Air       #####...     8%          4    None
d - Repel Missiles        Chrm/Air       #####.       1%          2    None
e - Summon Ice Beast      Ice/Summ       #####...     8%          4    None
f - Blink                 Tloc           N/A          10%         2    None
g - Dispel Undead         Necr           ######..     1%          5    ###....
r - Regeneration          Chrm/Necr      ######....   1%          3    None
z - Spectral Weapon       Hex/Chrm       #####...     3%          3    None
O - Animate Skeleton      Necr           N/A          1%          1    None


Dungeon Overview and Level Annotations

Branches:
Dungeon (15/15)            Temple (1/1) D:5            Lair (8/8) D:11
  Swamp (5/5) Lair:3       Spider (4/5) Lair:5        Slime (0/6) Lair:7
    Orc (4/4) D:12            Elf (0/3) Orc:4        Vaults (0/5) D:13
 Depths (0/5) D:15

Altars:
Ashenzari
Cheibriados
Dithmenos
Elyvilon
Fedhas
Gozag
Kikubaaqudgha
Makhleb
Nemelex Xobeh
Okawaru
Qazlal
Ru
Sif Muna
Trog
Vehumet
Xom
Yredelemnul
Zin
The Shining One
Jiyva

Shops:
D:5 :   D:15 (   Orc:4 *?%}=!![*

Annotations:
D:4 RobertPalmer's ghost, experienced NaSu
D:5 exclusion: Eustachio, Dowan; Prince Ribbit
Lair:1 exclusion: Sonja, Sonja
Lair:6 exclusion: oklob plant
Swamp:3 exclusion: hydra


Innate Abilities, Weirdness & Mutations

Your mind is acute. (Int +2)


Message History

You take 22 damage, and have 43/99 hp.
MASSIVE DAMAGE!!
You slash the wolf spider! You freeze the wolf spider.
The spider barely misses you. The wolf spider hits you!
* * * LOW HITPOINT WARNING * * *
The wolf spider closely misses you.
Your ice beast misses the wolf spider.
The spider bites your lightning spire but does no damage.
You take 14 damage, and have 29/99 hp.
Unknown command.
The spider bites your lightning spire. The spider closely misses you.
Your ice beast hits the spider.
Your ice beast freezes the spider!
The spider dies!
Okawaru accepts your kill.
You blink.
Your ice beast hits the wolf spider.
Your ice beast freezes the wolf spider.
You now have 32/40 mp.
Your skin crawls.
The spider bites your ice beast!
You now have 29/40 mp.
The wolf spider closely misses your warg.
The wolf spider bites your warg!
Your ice beast hits the wolf spider.
Your ice beast freezes the wolf spider!
The wolf spider hits your ice beast but does no damage.
The wolf spider barely misses your ice beast.
You now have 26/40 mp.
The spider bites your ice beast but does no damage.
The wolf spider hits your ice beast! The wolf spider bites your ice beast.
The spider closely misses your ice beast.
Your warg barely misses the wolf spider.
Your ice beast closely misses the wolf spider.
You regained 2 hp, and now have 34/99 hp.
The wolf spider hits your warg! The wolf spider bites your warg.
Your warg dies!
Your warg's corpse disappears in a puff of smoke!
The spider closely misses your ice beast.
Your ice beast hits the wolf spider.
Your ice beast freezes the wolf spider!
You slice the wolf spider!! You freeze the wolf spider.
You kill the wolf spider!
Okawaru accepts your kill.
The spider barely misses your ice beast.
The spider bites your ice beast!
Your ice beast dies!
An electric hum fills the air.
You now have 24/40 mp.
You closely miss the spider. The spider completely misses you.
The spider completely misses you.
You slash the spider! You freeze the spider.
You kill the spider!
Okawaru accepts your kill.
The orb spider pulsates with a strange energy.
Your lightning spire shoots out a bolt of lightning at the orb spider!
The bolt of electricity hits the orb spider.
Your lightning spire shoots out a bolt of lightning at the orb spider!
The bolt of electricity hits the orb spider.
The orb spider weaves a glowing orb of energy.
You regained 2 hp, and now have 43/99 hp.
Your lightning spire shoots out a bolt of lightning at the orb spider!
The bolt of electricity hits the orb spider.
Your lightning spire shoots out a bolt of lightning at the orb spider!
The bolt of electricity hits the orb spider.
The orb spider dies!
Okawaru accepts your kill.
You regained 2 hp, and now have 48/99 hp.
An orb of destruction is nearby!
An orb of destruction is nearby!
You regained 2 hp, and now have 52/99 hp.
Your skin is crawling a little less now.
Your lightning spire disappears in a puff of smoke!
You regained 2 hp, and now have 57/99 hp.
You regained 2 hp, and now have 62/99 hp.
Your skin stops crawling.
A scorpion comes into view.
MP restored: 40 The scorpion completely misses you.
The scorpion stings you.
You take 2 damage, and have 77/99 hp.
The scorpion misses you. The scorpion completely misses you.
The scorpion completely misses you. The scorpion closely misses you.
The scorpion completely misses you. The scorpion completely misses you.
The scorpion barely misses you. The scorpion misses you.
The scorpion misses you. The scorpion completely misses you.
The scorpion stings you but does no damage.
The scorpion misses you. The scorpion barely misses you.
The scorpion completely misses you. The scorpion barely misses you.
The scorpion completely misses you. The scorpion misses you.
The scorpion completely misses you.
The orb of destruction hits the scorpion.
The scorpion is blown up!
Save game and exit?
Welcome back, RobertPalmer the Deep Elf Summoner.
Okawaru says: Bring me glory in combat!
Quiver which item? (- for none, * to show all) (? for menu, Esc to quit)
Okay, then.

...........#### ............#^#
### ..........*...###^###
...............#..≈≈#
.................≈≈≈# #####
........§........≈#†# ##≈≈.#
........§......†.##.# ###≈.≈≈#
.................##≈### #.≈.#.§#
................@.##≈.###.≈###.#
..........§§§§§....#≈≈≈##≈###≈.#
.............†....###.≈≈≈##.≈.##
.................##.###≈≈###≈##
......§..........##P≈≈######.≈##
....s*...........##...##.≈≈##.≈#
.................##(/P##≈≈≈≈#≈†#
..... ...........##≈.##≈≈#≈≈#≈≈#
.... ..........##(##.≈##/##.≈#


There were no monsters in sight!

Vanquished Creatures
  Rupert (Spider:1)
  A thorn hunter (Swamp:4)
  Kirke (Swamp:1)
  Donald (Swamp:2)
  Maud (Lair:4)
  Nessos (D:13)
  Fannar (Orc:1)
  3 fire dragons (Swamp:5)
  4 hydras
  A ghost crab (Swamp:2)
  Erolcha (Orc:1)
  Erica (Orc:1)
  5 centaur warriors
  An alligator (Swamp:3)
  A tengu warrior (D:15)
  A death yak (Lair:6)
  3 ogre magi (Orc:4)
  Urug (D:12)
  An unseen horror (D:11)
  A deep elf knight (D:13)
  A fire crab (Swamp:5)
  2 hill giants
  10 swamp dragons
  A wolf spider zombie (D:15)
  2 shambling mangroves (Swamp:2)
  19 wolf spiders
  2 lindwurms
  3 cyclopes
  3 orb spiders
  7 hornets
  A manticore (D:13)
  An ugly thing (D:13)
  7 elephants
  A black mamba (Lair:8)
  4 centaur zombies
  22 spiny frogs
  Psyche (D:9)
  3 torpor snails (Lair:2)
  2 gargoyles
  6 demonic crawlers
  3 komodo dragons
  5 fire drakes
  3 yaktaurs (D:13)
  16 jumping spiders
  2 kobold demonologists (D:14)
  A merfolk (D:12)
  3 deep elf priests
  13 blink frogs
  A troll (D:13)
  5 giant leeches
  8 slime creatures
  8 ravens
  2 bog bodies
  A boulder beetle (Spider:2)
  2 wandering mushrooms (Lair:6)
  7 two-headed ogres (Orc:4)
  5 trapdoor spiders
  Sigmund (D:5)
  3 shadows
  40 redbacks
  A vampire (D:13)
  4 deep elf magi
  13 tarantellas
  A spriggan (Swamp:5)
  3 fire bats (Volcano)
  3 hippogriffs
  A deep elf fighter (D:13)
  26 yaks
  35 vampire mosquitoes
  2 mottled dragons (Swamp:5)
  A basilisk (D:15)
  3 wargs
  11 insubstantial wisps
  A wolf (Lair:2)
  3 porcupines
  15 swamp worms
  A necrophage (Swamp:2)
  2 hell hounds (Volcano)
  9 water moccasins
  An eye of draining (D:13)
  15 spiders
  10 swamp drakes
  2 ice beasts (D:14)
  6 orc warriors
  A phantom (Swamp:2)
  4 wasps
  A black bear (Lair:4)
  11 crocodiles
  14 ogres
  A sky beast (D:8)
  A boggart (D:13)
  9 centaurs
  6 big kobolds
  Blork the orc (D:5)
  A brain worm (D:11)
  26 giant frogs
  A wyvern skeleton (D:14)
  6 scorpions
  A killer bee (D:12)
  2 goliath beetles (D:6)
  A wight (D:13)
  A lava snake (Swamp:5)
  3 crimson imps
  A giant frog zombie (D:5)
  2 quasits
  2 centaur skeletons
  2 giant frog skeletons (D:4)
  9 hounds
  12 orc priests
  13 orc wizards
  6 worker ants
  4 iguanas
  A hell rat (Lair:4)
  7 sheep
  A hound zombie (D:6)
  A hound skeleton (D:3)
  A gnoll (D:3)
  11 adders
  30 river rats
  2 shadow imps
  6 white imps (Lair:2)
  5 worms
  5 giant geckos
  An ooze (Sewer)
  90 orcs
  5 ball pythons
  A bat skeleton (D:6)
  A bat zombie (D:5)
  9 hobgoblins
  8 jackals
  14 bats
  5 giant cockroaches
  A giant cockroach zombie (D:5)
  A giant newt (D:3)
  14 goblins
  17 kobolds
  2 orc zombies (Orc:4)
  5 quokkas
  A quokka zombie (D:5)
  17 rats
  5 ballistomycetes (D:8)
  A bush (Lair:3)
  2 fungi
  2 plants
841 creatures vanquished.

Vanquished Creatures (collateral kills)
  Gastronok (Lair:2)
  A thorn hunter (Swamp:4)
  A spectral weapon (Spider:3)
  A minotaur (Lab)
  7 hydras
  A ghost crab (Swamp:4)
  An alligator (Swamp:4)
  A centaur warrior (D:13)
  2 death yaks (Lair:6)
  3 spriggans
  A swamp dragon (Swamp:5)
  A spriggan druid (Swamp:5)
  2 orc knights
  Pikel (D:8)
  A shambling mangrove (Swamp:2)
  A harpy (D:11)
  A hill giant (D:13)
  An oklob plant (Lair:3)
  A hornet (Swamp:2)
  An orc sorcerer (Orc:4)
  5 orb spiders
  3 wolf spiders
  3 black mambas
  4 ugly things
  2 cyclopes
  15 elephants (Lair:5)
  A griffon (Lair:6)
  A manticore (Lair:6)
  A centaur skeleton (D:13)
  A torpor snail (Lair:2)
  A yaktaur (D:13)
  13 spiny frogs
  2 trolls
  10 komodo dragons
  The ghost of BLOAX the Skirmisher, an average MiFi (D:6)
  A fire drake (Swamp:5)
  A blue devil (IceCv)
  2 giant leeches (Lair:8)
  2 jumping spiders (Spider:4)
  2 polar bears
  Grinder (D:5)
  13 blink frogs
  3 slime creatures
  5 two-headed ogres (Orc:4)
  2 ravens
  11 redbacks
  A trapdoor spider (Lab)
  2 deep elf magi
  2 wyverns
  3 hogs (Swamp:1)
  3 tarantellas
  Eustachio (D:5)
  A fire bat (Volcano)
  20 yaks
  5 hippogriffs
  2 basilisks
  7 vampire mosquitoes
  2 wolves
  7 water moccasins
  2 swamp worms (Swamp:3)
  Duvessa (D:5)
  8 sky beasts
  7 spiders
  A swamp drake (Swamp:5)
  A black bear (D:9)
  14 orc warriors
  3 ice beasts
  5 wasps
  A phantom (D:5)
  4 porcupines
  3 necrophages
  A boring beetle (Lair:5)
  25 ogres
  9 centaurs
  7 crocodiles
  11 giant frogs
  7 big kobolds
  A water moccasin zombie (D:5)
  4 scorpions
  2 wights (D:13)
  3 electric eels (Lair:8)
  2 killer bees (D:12)
  4 wandering mushrooms
  2 quasits (D:11)
  2 giant frog zombies
  2 goliath beetles
  3 crimson imps
  A jelly (D:9)
  8 hounds
  11 orc priests
  17 orc wizards
  3 iguanas
  6 hell rats (Lair:4)
  9 worker ants
  8 sheep
  A hound zombie (D:5)
  A hound skeleton (D:5)
  6 gnolls
  11 adders
  A giant mite (D:2)
  39 river rats
  7 white imps
  A shadow imp (D:6)
  5 worms
  An adder skeleton (D:7)
  An adder zombie (D:3)
  2 giant geckos (D:5)
  102 orcs
  A ball python (Sewer)
  8 bats
  2 giant cockroaches
  12 goblins
  17 hobgoblins
  5 quokkas
  A bat (shapeshifter) (D:9)
  2 giant newts
  4 jackals
  A jackal skeleton (D:5)
  35 kobolds
  9 rats
  5 ballistomycetes (D:8)
  4 fungi
  3 plants
677 creatures vanquished.

Vanquished Creatures (others)
  A hydra (Swamp:5)
  An ogre mage (Orc:4)
  16 spectral weapons
  A swamp dragon (Swamp:5)
  A lindwurm (Swamp:5)
  2 blink frogs (Swamp:5)
  A vampire mosquito (Swamp:5)
  A hill giant skeleton (D:15)
  A mottled dragon (Swamp:5)
  49 wolves
  9 wargs
  A water moccasin (Swamp:4)
  3 swamp drakes
  94 ice beasts
  A scorpion (Spider:4)
  5 crimson imps
  2 iron imps
  25 hounds
  52 lightning spires
  A shadow imp (D:2)
  5 white imps
  An adder skeleton (D:8)
  4 quokkas
  3 bats
  A giant spore (D:8)
  5 rats
  5 ballistomycetes (D:8)
  A briar patch (Swamp:4)
  10 fungi
  4 plants
  241 snaplasher vine segments (Lair:6)
547 creatures vanquished.

Grand Total: 2065 creatures vanquished

Notes
Turn   | Place    | Note
--------------------------------------------------------------
     0 | D:1      | RobertPalmer, the Deep Elf Summoner, began the quest for the Orb.
     0 | D:1      | Reached XP level 1. HP: 10/10 MP: 6/6
   557 | D:1      | Reached skill level 3 in Dodging
   876 | D:1      | HP: 1/10 [hobgoblin/stone (2)]
   891 | D:1      | Reached XP level 2. HP: 3/15 MP: 2/7
  1275 | D:1      | Learned a level 2 spell: Call Imp
  1820 | D:2      | Reached skill level 4 in Dodging
  1860 | D:2      | Reached XP level 3. HP: 16/19 MP: 1/8
  1948 | D:2      | Learned a level 3 spell: Call Canine Familiar
  2525 | D:3      | Reached skill level 5 in Dodging
  2574 | D:3      | Reached XP level 4. HP: 24/24 MP: 2/9
  3130 | D:3      | Reached skill level 4 in Spellcasting
  3294 | D:3      | HP: 5/24 [orc wizard/magic dart (7)]
  3879 | D:3      | Reached XP level 5. HP: 21/28 MP: 5/11
  4210 | D:3      | Reached skill level 5 in Summonings
  4703 | D:4      | Noticed an ogre
  4910 | D:4      | Noticed an ogre
  4920 | D:4      | Killed an ogre
  4920 | D:4      | Reached skill level 1 in Shields
  4920 | D:4      | Reached XP level 6. HP: 32/32 MP: 12/12
  5060 | D:4      | Killed an ogre
  5060 | D:4      | Reached skill level 2 in Shields
  5250 | D:4      | Noticed RobertPalmer's ghost (experienced NaSu)
  5353 | D:4      | Found a bloodstained altar of Trog.
  5353 | D:4      | Found a white marble altar of Elyvilon.
  5552 | D:5      | Entered Level 5 of the Dungeon
  5580 | D:5      | Found a blossoming altar of Fedhas.
  5581 | D:5      | Noticed Prince Ribbit
  5582 | D:5      | Found a basalt altar of Yredelemnul.
  5622 | D:5      | Reached skill level 6 in Summonings
  5836 | D:5      | Noticed Blork the orc
  5880 | D:5      | Killed Blork the orc
  6073 | D:5      | Found a staircase to the Ecumenical Temple.
  6091 | Temple   | Entered the Ecumenical Temple
  6154 | Temple   | Became a worshipper of Warmaster Okawaru
  6253 | D:5      | Reached XP level 7. HP: 36/36 MP: 6/13
  6264 | D:5      | Reached skill level 5 in Spellcasting
  6398 | D:5      | Noticed Eustachio
  6455 | D:5      | Reached skill level 6 in Spellcasting
  6499 | D:5      | Learned a level 4 spell: Summon Ice Beast
  6789 | D:5      | Acquired Okawaru's first power
  6789 | D:5      | Reached skill level 7 in Summonings
  6812 | D:5      | Found a radiant altar of Vehumet.
  6968 | D:5      | Noticed Grinder
  7266 | D:5      | Killed Grinder
  7266 | D:5      | Reached skill level 8 in Summonings
  7299 | D:5      | Reached XP level 8. HP: 29/41 MP: 10/16
  7348 | D:5      | Found Uboint's Book Shop.
  7501 | D:5      | Noticed Dowan
  7520 | D:5      | Bought a book of Minor Magic for 300 gold pieces
  7523 | D:5      | Learned a level 2 spell: Repel Missiles
  7527 | D:5      | Learned a level 3 spell: Mephitic Cloud
  7619 | D:5      | HP: 9/41 [centaur (5)]
  7620 | D:5      | HP: 4/41 [centaur (5)]
  7636 | D:5      | HP: 5/41 [scorpion (8)]
  7637 | D:5      | HP: 2/41 [scorpion (3)]
  7941 | D:5      | Got a fine scale mail
  7960 | D:5      | Reached skill level 9 in Summonings
  7970 | D:5      | Killed Eustachio
  8018 | D:5      | Noticed Sigmund
  8028 | D:5      | Killed Sigmund
  8028 | D:5      | Reached skill level 6 in Dodging
  8442 | D:5      | Reached skill level 7 in Dodging
  8561 | D:5      | Found a glowing golden altar of the Shining One.
  8573 | D:5      | Noticed Duvessa
  8584 | D:5      | Killed Duvessa
  8664 | D:6      | Found an iron altar of Okawaru.
  8763 | D:6      | Noticed BLOAX's ghost (average MiFi)
  8786 | D:7      | Learned a level 2 spell: Blink
  9059 | D:6      | Reached skill level 7 in Spellcasting
  9190 | D:6      | Found a glowing drain.
  9194 | Sewer    | Entered a sewer
  9827 | Sewer    | Reached skill level 8 in Spellcasting
  9827 | Sewer    | Reached XP level 9. HP: 45/45 MP: 17/19
 10522 | D:6      | Killed BLOAX's ghost
 10522 | D:6      | Reached skill level 9 in Spellcasting
 11154 | D:7      | Reached skill level 10 in Spellcasting
 11266 | D:7      | Reached skill level 8 in Dodging
 11453 | D:7      | Found a shattered altar of Ashenzari.
 11976 | D:7      | Reached skill level 9 in Dodging
 12196 | D:7      | Found a sacrificial altar of Ru.
 12309 | D:7      | Learned a level 3 spell: Call Canine Familiar
 12586 | D:8      | Noticed Pikel
 12657 | D:8      | HP: 9/45 [wandering mushroom (13)]
 12940 | D:8      | Reached skill level 10 in Dodging
 13482 | D:8      | Acquired Okawaru's second power
 13720 | D:8      | Reached skill level 1 in Invocations
 13725 | D:8      | Killed Pikel
 13725 | D:8      | Reached skill level 2 in Invocations
 13750 | D:8      | Reached skill level 3 in Invocations
 13763 | D:8      | Reached XP level 10. HP: 28/50 MP: 4/22
 14153 | D:8      | Reached skill level 4 in Invocations
 14389 | D:9      | Noticed Psyche
 14546 | D:9      | Reached skill level 5 in Invocations
 14636 | D:9      | Reached skill level 6 in Invocations
 14836 | D:9      | Killed Psyche
 14836 | D:9      | Received a gift from Okawaru
 14891 | D:9      | Reached skill level 7 in Invocations
 15087 | D:9      | Reached skill level 8 in Invocations
 15088 | D:9      | Received a gift from Okawaru
 15251 | D:9      | Got a scorched chain mail
 15390 | D:10     | Entered Level 10 of the Dungeon
 15785 | D:10     | Reached skill level 11 in Dodging
 16225 | D:11     | Noticed an unseen horror
 16244 | D:11     | Killed an unseen horror
 16244 | D:11     | Reached skill level 2 in Fighting
 16247 | D:11     | Noticed a harpy
 16247 | D:11     | an ice beast changed into a harpy
 16251 | D:11     | Killed a harpy
 16419 | D:11     | Noticed a green ugly thing
 16430 | D:11     | Killed a green ugly thing
 16430 | D:11     | Reached skill level 3 in Fighting
 16578 | D:11     | Found a staircase to the Lair.
 16583 | D:11     | Noticed a brown ugly thing
 16593 | D:11     | Killed a brown ugly thing
 16597 | D:11     | Reached XP level 11. HP: 57/60 MP: 6/23
 16692 | Lair:1   | Entered Level 1 of the Lair of Beasts
 16707 | Lair:1   | Reached skill level 4 in Fighting
 16944 | Lair:1   | Noticed Sonja
 17218 | Lair:1   | Reached skill level 5 in Fighting
 17597 | D:11     | Noticed a purple ugly thing
 17607 | D:11     | Killed a purple ugly thing
 17607 | D:11     | Reached skill level 1 in Staves
 17766 | D:11     | Reached skill level 2 in Staves
 17969 | Lair:2   | Received a gift from Okawaru
 17969 | Lair:2   | Reached skill level 3 in Staves
 17971 | Lair:2   | Got a shimmering greatsling {god gift}
 18109 | Lair:2   | Reached skill level 4 in Staves
 18135 | Lair:2   | Found a frozen archway.
 18171 | IceCv    | Entered an ice cave
 18554 | Lair:2   | HP: 13/63 [torpor snail (17)]
 18862 | Lair:2   | Reached skill level 5 in Staves
 18902 | Lair:2   | Noticed a four-headed hydra
 18933 | Lair:2   | Killed a four-headed hydra
 19448 | Lair:2   | Noticed Gastronok
 19483 | Lair:2   | Reached skill level 6 in Staves
 19680 | Lair:2   | Killed Gastronok
 19680 | Lair:2   | Received a gift from Okawaru
 19680 | Lair:2   | Reached skill level 7 in Staves
 19918 | Lair:2   | Reached skill level 8 in Staves
 19929 | Lair:2   | Found a snail-covered altar of Cheibriados.
 20074 | Lair:2   | Received a gift from Okawaru
 20335 | Lair:2   | Learned a level 4 spell: Summon Lightning Spire
 20413 | Lair:3   | Found a staircase to the Swamp.
 20586 | Lair:3   | Reached skill level 10 in Summonings
 20590 | Lair:3   | Reached XP level 12. HP: 65/68 MP: 14/24
 21251 | Lair:3   | Got a pitted silver ring
 21254 | Lair:3   | Identified the ring "Nuleikh" {Fire +Inv MR- Int+4 Dex-3} (You found it on level 3 of the Lair of Beasts)
 21318 | Lair:4   | Received a gift from Okawaru
 21318 | Lair:4   | Reached skill level 9 in Staves
 21372 | Lair:4   | Noticed a six-headed hydra
 21380 | Lair:4   | Killed a six-headed hydra
 21752 | Lair:4   | Noticed Maud
 22228 | Lair:4   | Reached skill level 10 in Staves
 23174 | Lair:5   | Found a hole to the Spider Nest.
 23208 | Lair:5   | Reached skill level 11 in Spellcasting
 23333 | Lair:5   | Received a gift from Okawaru
 23336 | Lair:5   | Got a steaming cloak {god gift}
 23347 | Lair:5   | Identified the -2 cloak of Gluttony {rElec rC+ rN+ Int-2} (Okawaru gifted it to you on level 5 of the Lair of Beasts)
 23384 | Lair:5   | Noticed an eight-headed hydra
 23410 | Lair:5   | Killed an eight-headed hydra
 23654 | Lair:5   | Reached skill level 12 in Spellcasting
 23919 | Lair:5   | Reached skill level 13 in Spellcasting
 24555 | Lair:6   | Found a labyrinth entrance.
 24560 | Lab      | Entered a labyrinth
 24624 | Lab      | Found an exit through the horrors of the Abyss.
 25046 | Lab      | Noticed a minotaur
 25059 | Lab      | Killed a minotaur
 25059 | Lab      | Received a gift from Okawaru
 25060 | Lab      | Got a bloodstained lajatang {god gift}
 25061 | Lab      | Identified the +2 lajatang "Orb Guardian's Doom" {freeze, +Blink +Fly Dex+3 SInv} (Okawaru gifted it to you in a labyrinth)
 25074 | Lab      | Got a faintly glowing lead ring
 25075 | Lab      | Identified the ring of Kenuss {rC+ rN+ Dex-2 Stlth-} (You found it in a labyrinth)
 25084 | Lab      | Identified the Grimoire of Curses
 25111 | Lab      | Learned a level 3 spell: Spectral Weapon
 25135 | Lab      | Learned a level 5 spell: Summon Forest
 25163 | Lair:6   | Reached skill level 11 in Staves
 25163 | Lair:6   | Reached XP level 13. HP: 52/72 MP: 20/28
 25507 | Lair:6   | Found a bloodstained altar of Trog.
 25523 | Lair:6   | Found a staircase to the Shoals.
 26109 | Lair:6   | Reached skill level 1 in Charms
 26113 | Lair:6   | Reached skill level 2 in Charms
 26406 | Lair:6   | Reached skill level 3 in Charms
 26432 | Lair:6   | Reached skill level 4 in Charms
 26924 | Lair:6   | HP: 16/72 [death yak (18)]
 27267 | Lair:7   | Reached skill level 5 in Charms
 27429 | Lair:7   | Found a staircase to the Slime Pits.
 27429 | Lair:7   | Found a viscous altar of Jiyva.
 27509 | Lair:7   | Reached skill level 6 in Charms
 27778 | Lair:8   | Entered Level 8 of the Lair of Beasts
 27804 | Lair:8   | Received a gift from Okawaru
 27812 | Lair:8   | Reached skill level 7 in Charms
 28445 | Lair:8   | Reached skill level 12 in Dodging
 28922 | Lair:8   | Received a gift from Okawaru
 28939 | Lair:8   | Reached skill level 12 in Staves
 29453 | Lair:8   | Received a gift from Okawaru
 30050 | Lair:4   | Killed Maud
 30050 | Lair:4   | Reached skill level 13 in Staves
 30521 | D:12     | Identified the Compendium of Stolen Souls and the Entourage
 30567 | D:12     | Found a staircase to the Orcish Mines.
 30882 | D:12     | Noticed Urug
 30897 | D:12     | Killed Urug
 30897 | D:12     | Reached XP level 14. HP: 40/78 MP: 11/29
 31333 | D:13     | Noticed Nessos
 31350 | D:13     | Killed Nessos
 31849 | D:13     | Reached skill level 14 in Staves
 32427 | D:13     | Found a gate to the Vaults.
 32456 | D:13     | Received a gift from Okawaru
 32886 | D:13     | HP: 19/78 [centaur/quarterstaff[a centaur warrior] (1)]
 33237 | D:13     | Reached skill level 15 in Staves
 33245 | D:13     | Learned a level 1 spell: Animate Skeleton
 33251 | D:13     | Learned a level 5 spell: Dispel Undead
 33451 | D:13     | Reached skill level 1 in Necromancy
 33761 | D:13     | Reached skill level 2 in Necromancy
 34376 | D:14     | Reached skill level 3 in Necromancy
 34495 | D:14     | Reached skill level 4 in Necromancy
 34694 | D:14     | Reached skill level 5 in Necromancy
 34872 | D:14     | Received a gift from Okawaru
 35011 | D:14     | Found an ancient bone altar of Kikubaaqudgha.
 35121 | D:15     | Entered Level 15 of the Dungeon
 35176 | D:15     | Found Pufyth's Antique Weapon Emporium.
 35866 | D:15     | Gained mutation: Your mind is acute. (Int +2) [potion of beneficial mutation]
 35929 | D:15     | HP: 18/79 [orc priest/divine providence (13)]
 36173 | D:15     | Reached skill level 6 in Fighting
 36231 | D:15     | HP: 17/80 [wolf spider (14)]
 36242 | D:15     | HP: 15/80 [hill giant/giant club (16)]
 36256 | D:15     | Found a staircase to the Depths.
 36266 | D:15     | HP: 1/80 [gargoyle/stone arrow (20)]
 36508 | Orc:1    | Entered Level 1 of the Orcish Mines
 36561 | Orc:1    | Found a dark tunnel.
 36593 | Volcano  | Entered a volcano
 37005 | Orc:1    | Noticed Erica
 37008 | Orc:1    | Killed Erica
 37141 | Orc:1    | Reached skill level 7 in Fighting
 37427 | Orc:1    | Noticed Erolcha
 37436 | Orc:1    | Killed Erolcha
 37595 | Orc:1    | Noticed Fannar
 37613 | Orc:1    | Killed Fannar
 37798 | Orc:2    | Received a gift from Okawaru
 37913 | Orc:2    | Got a transparent plate armour {god gift}
 38482 | Orc:4    | Entered Level 4 of the Orcish Mines
 38482 | Orc:4    | Found Qikevecs' General Store.
 38494 | Orc:4    | Found a staircase to the Elven Halls.
 38543 | Orc:4    | Found Etup's Gadget Emporium.
 38656 | Orc:4    | Found Giome's General Store.
 38675 | Orc:4    | Bought a scroll of recharging for 133 gold pieces
 38697 | Orc:4    | Bought a scroll of fog for 28 gold pieces
 38792 | Orc:4    | Reached XP level 15. HP: 60/88 MP: 17/30
 38802 | Orc:4    | Reached skill level 8 in Fighting
 38820 | Orc:3    | HP: 22/88 [ogre/giant spiked club (9)]
 39144 | Orc:4    | Found Dompemia's Distillery.
 39145 | Orc:4    | Found Onwaanli's Antique Armour Shoppe.
 39145 | Orc:4    | Found Leuth's Distillery.
 39145 | Orc:4    | Found Osogagoc's Jewellery Emporium.
 39166 | Orc:4    | Bought a spiked leather armour for 217 gold pieces
 39176 | Orc:4    | Identified the cursed +0 leather armour of Saaqu {rPois rN+ Slay+3 Stlth+} (You bought it in a shop on level 4 of the Orcish Mines)
 39179 | Orc:4    | Bought a potion of agility for 48 gold pieces
 39179 | Orc:4    | Bought a potion of agility for 48 gold pieces
 39179 | Orc:4    | Bought a potion of agility for 48 gold pieces
 39180 | Orc:4    | Bought a potion of might for 56 gold pieces
 39180 | Orc:4    | Bought a potion of curing for 42 gold pieces
 39180 | Orc:4    | Bought a potion of curing for 42 gold pieces
 39182 | Orc:4    | Bought a +3 ring of protection for 315 gold pieces
 39392 | Orc:4    | Found Ybberch's Magic Scroll Shop.
 39402 | Orc:4    | Bought a scroll of enchant armour for 112 gold pieces
 39402 | Orc:4    | Bought a scroll of amnesia for 52 gold pieces
 39402 | Orc:4    | Bought a scroll of identify for 30 gold pieces
 39402 | Orc:4    | Bought 3 scrolls of identify for 90 gold pieces
 39402 | Orc:4    | Bought a scroll of blinking for 112 gold pieces
 39402 | Orc:4    | Bought a scroll of blinking for 112 gold pieces
 39565 | Orc:4    | Found Xuha's Food Shop.
 40021 | Swamp:1  | Entered Level 1 of the Swamp
 40128 | Swamp:1  | Learned a level 3 spell: Regeneration
 40225 | Swamp:1  | Noticed Kirke
 40244 | Swamp:1  | Killed Kirke
 40244 | Swamp:1  | Reached skill level 9 in Fighting
 40530 | Swamp:2  | Received a gift from Okawaru
 41025 | Swamp:2  | Noticed Donald
 41048 | Swamp:2  | Killed Donald
 41048 | Swamp:2  | Reached skill level 10 in Fighting
 42812 | Swamp:4  | HP: 18/93 [giant leech (22)]
 42824 | Swamp:4  | Noticed a spectral shard shrike
 43034 | Swamp:4  | Received a gift from Okawaru
 43537 | Swamp:4  | Reached skill level 1 in Armour
 43603 | Swamp:4  | Noticed a thorn hunter
 43619 | Swamp:4  | Noticed a thorn hunter
 43619 | Swamp:4  | Killed a thorn hunter
 43619 | Swamp:4  | Reached skill level 2 in Armour
 43971 | Swamp:4  | Killed a thorn hunter
 43971 | Swamp:4  | Reached skill level 3 in Armour
 44078 | Swamp:5  | Entered Level 5 of the Swamp
 44410 | Swamp:5  | Reached skill level 4 in Armour
 45011 | Swamp:5  | Reached skill level 13 in Dodging
 45341 | Swamp:5  | Received a gift from Okawaru
 45358 | Swamp:5  | Reached XP level 16. HP: 38/99 MP: 3/31
 45600 | Swamp:5  | Got a decaying rune of Zot
 46106 | Spider:1 | Entered Level 1 of the Spider Nest
 46115 | Spider:1 | Reached skill level 14 in Dodging
 46493 | Spider:1 | Reached skill level 6 in Necromancy
 46566 | Spider:1 | Reached skill level 7 in Necromancy
 46915 | Spider:1 | Reached skill level 8 in Necromancy
 47076 | Spider:1 | Noticed Rupert
 47081 | Spider:1 | Received a gift from Okawaru
 47251 | Spider:2 | Reached skill level 9 in Necromancy
 47291 | Spider:1 | Killed Rupert
 47317 | Spider:1 | Got a scorched cloak {god gift}
 47328 | Spider:1 | Identified the +2 cloak of the Villain {MP+9 SInv} (Okawaru gifted it to you on level 1 of the Spider Nest)
 47581 | Spider:3 | Reached skill level 10 in Necromancy
 48284 | Spider:3 | Reached skill level 11 in Necromancy
 48671 | Spider:4 | Identified a +2 rod of clouds (11/11) (You found it on level 3 of the Spider Nest)
 48955 | Spider:4 | Reached skill level 12 in Necromancy
 49319 | Spider:4 | Upgraded the game from 0.17-a0-377-gdd46233 to 0.17-a0-427-ga655056
 49319 | Spider:4 | Quit the game

Action                   |  1- 3 |  4- 6 |  7- 9 | 10-12 | 13-15 | 16-18 || total
-------------------------+-------+-------+-------+-------+-------+-------++-------
Melee: Unarmed           |    24 |       |       |       |       |       ||    24
       Dagger            |    53 |    65 |   546 |   255 |       |       ||   919
       Short sword       |       |    64 |       |       |       |       ||    64
       Quarterstaff      |       |       |       |   662 |       |       ||   662
       Lajatang          |       |       |       |    15 |  1506 |   451 ||  1972
 Fire: Blowgun           |       |       |     2 |     1 |     4 |       ||     7
 Cast: Summon Small Mamm |    31 |     1 |     7 |       |       |       ||    39
       Call Imp          |    19 |    16 |    14 |     3 |       |       ||    52
       Call Canine Famil |     5 |    35 |    46 |    62 |    58 |     4 ||   210
       Summon Ice Beast  |       |       |    39 |   144 |   118 |    29 ||   330
       Repel Missiles    |       |       |     3 |     1 |     4 |       ||     8
       Mephitic Cloud    |       |       |       |     9 |       |       ||     9
       Blink             |       |       |       |     4 |    10 |     4 ||    18
       Summon Lightning  |       |       |       |    35 |   120 |    33 ||   188
       Spectral Weapon   |       |       |       |     1 |    96 |    16 ||   113
       Summon Forest     |       |       |       |       |     9 |       ||     9
       Animate Skeleton  |       |       |       |       |     3 |       ||     3
       Regeneration      |       |       |       |       |     7 |     1 ||     8
Invok: Heroism           |       |       |       |     2 |     5 |     2 ||     9
       Finesse           |       |       |       |       |       |     1 ||     1
Evoke: Wand              |       |     2 |       |     2 |     9 |       ||    13
  Use: Scroll            |       |     8 |    11 |    25 |    33 |     2 ||    79
       Potion            |       |     5 |     6 |     6 |     7 |     2 ||    26
 Stab: Sleeping          |     2 |     1 |     6 |     6 |     8 |     4 ||    27
       Distracted        |       |     3 |     2 |    19 |    30 |     9 ||    63
       Invisible         |       |       |       |     1 |       |       ||     1
       Confused          |       |       |       |     3 |       |       ||     3
  Eat: Chunk             |     6 |    13 |    22 |    41 |    51 |    14 ||   147
       Pizza             |       |     1 |       |     1 |     3 |       ||     5
       Fruit             |       |       |     2 |       |       |       ||     2
       Beef jerky        |       |       |     2 |     1 |     2 |       ||     5
       Royal jelly       |       |       |     1 |       |     1 |       ||     2
       Bread ration      |       |       |       |       |     1 |       ||     1

Vault maps used:
D:1:      onia_arrival_mini_maze_b
D:4:      lemuel_upstairs_altar, gammafunk_temple_overflow_elements, first_bread
D:5:      erik_ogre, nicolae_tso_swordbearing_angel,
          nicolae_overflow_hidden_temple, minmay_temple_entry_purple_smoke,
          serial_shops, shop, st_stairs_8, minmay_joined_circles,
          uniq_blork_the_orc, uniq_duvessa, uniq_grinder, uniq_eustachio,
          uniq_prince_ribbit1, uniq_sigmund
D:6:      basic_altar, gup_sewer_entry_spiral
D:7:      kennysheep_kobold_camp, old_standard_altar, old_standard_altar
D:8:      fungi_pond_lemuel, uniq_pikel
D:9:      uniq_psyche
D:11:     minmay_lair_entry_lava
D:12:     david_orc_2, hangedman_fish_farm, kennysheep_generic_room_11,
          uniq_urug
D:13:     hangedman_vaults_entry_quadrant_bands, uniq_nessos
D:14:     basic_altar, small_statue_intersection
D:15:     hangedman_depths_entry_try_elsewhere_first,
          hangedman_decor_peaks_small, special_room, serial_shops,
          nicolae_shop_behind_doors, nooodl_food_tri
Temple:   triangle_lava_temple_11
Lair:1:   grunt_megastairs_4, infiniplex_staircase_pool, uniq_sonja
Lair:2:   portal_ice_cave_entry_imps, kennysheep_snail_temple,
          lemuel_fruit_tree, uniq_gastronok
Lair:3:   minmay_lair_oklob_items, swamp_mist, beast_lair_carwin_4
Lair:4:   roderic_lost_polar_bear, lemuel_fruit_fields, uniq_maud
Lair:5:   mu_elephants_graveyard, dummy_spider_entry, st_stairs_8
Lair:6:   minmay_shoals_entry_beasts, lab_entry_generic, basic_altar,
          st_stairs_10, fungi_pond_lemuel
Lair:7:   slime_altar_1, grunt_forest_small_clearings
Lair:8:   minmay_lair_end_frog_pond
Swamp:1:  evilmike_swamp_ruin_house_3, uniq_kirke
Swamp:2:  evilmike_swamp_ruin_house_4, swamp_pool5, roderic_carrion_pond,
          uniq_donald
Swamp:3:  evilmike_swamp_ruin_house_2, nicolae_swamp_dense_foliage
Swamp:4:  evilmike_swamp_ruin_house_1
Swamp:5:  swamp_fiery
Spider:1: uniq_rupert
Spider:3: nicolae_spider_shape
Spider:4: spiders_nest_spider_trap
Orc:1:    cheibrodos_orc_bank, nicolae_volcano_entry_vermiform, uniq_erolcha,
          uniq_erica, uniq_fannar
Orc:2:    serial_shops, shop
Orc:3:    nicolae_orc_pool_cavern
Orc:4:    st_orc_ogre_mass, serial_shops, nicolae_shop_stone,
          nicolae_shop_trees, shop, shop, shop
Lab:      nicolae_lab_dead_adventurers, lab_fountain, nicolae_lab_starburst,
          labyrinth_fake_exit, nicolae_lab_plus
Sewer:    sewer_co_tree
IceCv:    ice_cave_tombish
Volcano:  volcano_pools

Table legend:
 A = Turns spent in this place as a percentage of turns spent in the entire game.
 B = Non-inter-level travel turns spent in this place as a percentage of non-inter-level travel turns spent in the entire game.
 C = Inter-level travel turns spent in this place as a percentage of turns spent in this place.
 D = Turns resting spent in this place as a percentage of non-inter-level travel turns spent in this place.
 E = Turns spent auto-exploring this place as a percentage of non-inter-level travel turns spent in this place.
 F = Non-inter-level travel turns spent in this place divided by the number of levels of this place that you've seen.
                   A       B       C       D       E      F
               +-------+-------+-------+-------+-------+----------------------
         Total | 100.0 | 100.0 |   0.3 |   2.3 |   3.3 | 542.9
       Dungeon |  41.2 |  41.1 |   0.4 |   2.6 |   4.4 | 610.2
        Temple |   0.3 |   0.3 |   1.5 |   0.0 |   0.0 |  64.0
          Lair |  28.4 |  28.4 |   0.3 |   1.9 |   1.6 | 790.9
         Swamp |  10.7 |  10.7 |   0.4 |   3.6 |   2.5 | 476.4
   Spider Nest |   7.3 |   7.3 |   0.0 |   2.7 |   0.7 | 407.8
  Orcish Mines |   6.7 |   6.7 |   0.3 |   0.6 |   9.8 | 374.2
     Labyrinth |   2.7 |   2.7 |   0.0 |   0.0 |   0.0 | 599.0
         Sewer |   1.7 |   1.7 |   0.0 |   1.6 |   3.5 | 373.0
      Ice Cave |   0.2 |   0.2 |   0.0 |  14.0 |   0.0 |  43.0
       Volcano |   0.9 |   0.9 |   0.0 |   6.3 |   0.0 | 191.0
               +-------+-------+-------+-------+-------+----------------------

Table legend:
 A = Kills in this place as a percentage of kills in entire the game.
 B = Kills by you in this place as a percentage of kills by you in the entire game.
 C = Kills by friends in this place as a percentage of kills by friends in the entire game.
 D = Other kills in this place as a percentage of other kills in the entire game.
 E = Experience gained in this place as a percentage of experience gained in the entire game.
 F = Experience gained in this place divided by the number of levels of this place that you have seen.
                   A       B       C       D       E      F
               +-------+-------+-------+-------+-------+----------------------
         Total | 100.0 | 100.0 | 100.0 | 100.0 | 100.0 | 4894.7
       Dungeon |  36.7 |  30.6 |  44.5 |   0.0 |  21.3 | 2844.6
          Lair |  23.3 |  19.8 |  27.6 |  33.3 |  24.0 | 6029.1
         Swamp |  11.9 |  16.8 |   5.6 |  33.3 |  25.5 | 10218.2
   Spider Nest |  10.2 |  14.6 |   4.7 |   0.0 |  20.5 | 10270.8
  Orcish Mines |  15.1 |  15.2 |  15.0 |  33.3 |   6.8 | 3403.0
     Labyrinth |   0.2 |   0.1 |   0.3 |   0.0 |   0.5 | 1028.0
         Sewer |   1.9 |   1.8 |   2.0 |   0.0 |   0.1 | 258.0
      Ice Cave |   0.1 |   0.0 |   0.2 |   0.0 |   0.1 | 189.0
       Volcano |   0.7 |   1.1 |   0.2 |   0.0 |   1.3 | 2519.0
               +-------+-------+-------+-------+-------+----------------------
